[Event "*** Titled Tuesday 3|2 Blitz (Late)"]
[Site "Chess.com"]
[Date "2017.01.03"]
[Round "7"]
[White "boredoldman"]
[Black "iturrizaga"]
[Result "1-0"]
[WhiteElo "2534"]
[BlackElo "2681"]
[TimeControl "180+2"]
[EndTime "18:23:10 PST"]
[Termination "boredoldman won on time"]

1. e4 c5 2. b4 d6 3. bxc5 dxc5 4.
Nc3 Nc6 5. Bb5 Bd7 6. Nf3 g6 7. Ba3 b6 8. O-O Bg7 9. Rb1 e6 10. e5 Nxe5 11. Nxe5 Bxe5 12. Bxd7+ Qxd7 13. Qf3 Rd8 14.
Rfe1 Bd4 15. Nb5 Bg7 16. c3 a6 17. Nd4 cxd4 18. Rxb6 Qd5 19. Qxd5 Rxd5 20. c4 Rd8 21. Rxa6 Bf8 22. Bxf8 Kxf8 23. a4 Kg7 24. Ra7 Kf6 25.
g4 g5 26. a5 Ne7 27. f4 Nc6 28. fxg5+ Kg6 29. Ra6 Nb4 30. Rb6 Nd3 31. Ra1 Rb8 32. Rb5 Rhc8 33. a6 Ra8 34. a7 Rc7 35. Rb8 Rcxa7 36. Rxa8 Rxa8 37. Rxa8 Kxg5 38. c5 Ne5 39. h3 Kf4 40. Kh2 d3 41. Rh8 Ke4 42. Rxh7 Kd5 43. Rh5 f6 44. g5 1-0

[Event "*** Titled Tuesday 3|2 Blitz (Late)"]
[Site "Chess.com"]
[Date "2017.01.03"]
[Round "7"]
[White "Cruel_Yaro"]
[Black "severomorskij"]
[Result "1-0"]
[WhiteElo "2609"]
[BlackElo "2594"]
[TimeControl "180+2"]
[EndTime "18:23:13 PST"]
[Termination "Cruel_Yaro won on time"]

1. c4 e5 2. Nc3 Bb4 3. Nd5 a5 4.
Nxb4 axb4 5. d4 exd4 6. Qxd4 Qf6 7. Qe4+ Ne7 8. Nf3 Na6 9. Be3 O-O 10. Ng5 Ng6 11. h4 d5 12. cxd5 Qxb2 13. Bd4 Qa3 14. h5 Nc5 15. Qb1 b3 16. e3 bxa2 17. Qc2 Nb3 18.
hxg6 hxg6 19. Qe4 Bg4 20. Qxg4 Qb4+ 21. Ke2 Nxd4+ 22. Qxd4 1-0

[Event "*** Titled Tuesday 3|2 Blitz (Late)"]
[Site "Chess.com"]
[Date "2017.01.03"]
[Round "7"]
[White "josiwales"]
[Black "MFBerna"]
[Result "0-1"]
[WhiteElo "2230"]
[BlackElo "2227"]
[TimeControl "180+2"]
[EndTime "18:23:32 PST"]
[Termination "MFBerna won by resignation"]

1. e4 c5 2. Nc3 d6 3. g3 Nf6 4. Bg2 e5 5. d3 Be7 6. f4 Nc6 7.
f5 d5 8. Bg5 Nxe4 9. Bxe7 Nxc3 10. Bxd8 Nxd1 11. Rxd1 Nxd8 12. Bxd5 Bxf5 13. Ne2 Be6 14.
Nc3 O-O 15. O-O Bxd5 16. Nxd5 Nc6 17. Rfe1 Rad8 18. c4 f6 19. a3 Kf7 20. b4 Nd4 21. Kf2 cxb4 22. axb4 a6 23. Rd2 Rfe8 24.
g4 g6 25. Ra2 Re6 26. Ke3 f5 27. gxf5 gxf5 28. Rg1 Rg6 29. Rxg6 hxg6 30. Ra5 Rh8 31. Rc5 Rh3+ 32. Kf2 Rxh2+ 33. Kg3 Rd2 34. Rc7+ Ke6 35. Rxb7 f4+ 36. Kh4 Nf3+ 37. Kg4 Nh2+ 38. Kg5 f3 39.
Rf7 Kxf7 0-1

[Event "*** Titled Tuesday 3|2 Blitz (Late)"]
[Site "Chess.com"]
[Date "2017.01.03"]
[Round "7"]
[White "nickmatta"]
[Black "stalyansky"]
[Result "0-1"]
[WhiteElo "2295"]
[BlackElo "1109"]
[TimeControl "180+2"]
[EndTime "18:23:37 PST"]
[Termination "stalyansky won by resignation"]

1. d4 d5 2. c4 c6 3. Nf3 Nf6 4. Qc2 dxc4 5. Qxc4 Bf5 6. g3 Nbd7 7. Bg2 e6 8. O-O h6 9. e3 Be7 10. Qe2 O-O 11. Rd1 Rc8 12. Nc3 Ne4 13. Nd2 Nxc3 14. bxc3 Bc2 15. Re1 Bg6 16. Nc4 b6 17. e4 c5 18. Be3 Nf6 19. Nd2 cxd4 20. cxd4 Rc2 21. Qd3 Qc7 22. Bf4 Qc3 23. Qxc3 Rxc3 24. Nb3 Rfc8 25. d5 exd5 26. exd5 Bb4 27. Red1 Bc2 28. Rd4 Bxb3 29. axb3 Rxb3 30. Rxa7 Rb1+ 31. Bf1 Bc5 32. Rc4 Nxd5 33. Rc1 Rb2 34. Be3 Nxe3 0-1

[Event "*** Titled Tuesday 3|2 Blitz (Late)"]
[Site "Chess.com"]
[Date "2017.01.03"]
[Round "7"]
[White "bugsbunny444"]
[Black "FastChance"]
[Result "0-1"]
[WhiteElo "2330"]
[BlackElo "2491"]
[TimeControl "180+2"]
[EndTime "18:23:43 PST"]
[Termination "FastChance won by resignation"]

1. Nf3 Nf6 2. c4 c5 3. g3 b6 4.
Bg2 Bb7 5. O-O d6 6. b3 g6 7.
Bb2 Bg7 8. Nc3 O-O 9. e3 Nbd7 10. d4 cxd4 11. exd4 a6 12. d5 Ne4 13. Nd4 Nxc3 14.
Bxc3 Qc7 15. Qd2 Rae8 16. Rfe1 Nc5 17. Re3 e5 18. dxe6 fxe6 19. Bxb7 Qxb7 20. b4 Ne4 21. Rxe4 Qxe4 22. Re1 Qg4 23. f3 Bxd4+ 24. Bxd4 Rxf3 25. Bxb6 Qxc4 26. Qxd6 Rd3 27. Qf4 Qxf4 28. gxf4 Kf7 29. a4 Rc8 30. Bc5 a5 31. Re4 axb4 32. Bxb4 Rc2 33.
a5 Ra2 34. Be1 Rd1 35. h3 Rxa5 36. Kg2 Ra2+ 37. Kf3 Rd3+ 38. Re3 Rxe3+ 39. Kxe3 Kf6 40. Ke4 0-1

[Event "*** Titled Tuesday 3|2 Blitz (Late)"]
[Site "Chess.com"]
[Date "2017.01.03"]
[Round "7"]
[White "Kawhi_Leonard2"]
[Black "SabinaFoisor"]
[Result "1-0"]
[WhiteElo "2205"]
[BlackElo "2203"]
[TimeControl "180+2"]
[EndTime "18:24:08 PST"]
[Termination "Kawhi_Leonard2 won by checkmate"]

1. e4 e5 2. Nf3 Nc6 3. Bb5 a6 4.
Bxc6 dxc6 5. O-O Bg4 6. h3 h5 7. d3 Qf6 8. Nbd2 Qg6 9. Nxe5 Qe6 10. Nxg4 hxg4 11. Qxg4 Qxg4 12. hxg4 Nf6 13. g5 Ng4 14. Nf3 Bd6 15. g3 O-O-O 16. Kg2 f6 17. Bd2 Bc5 18.
Bc3 Rh5 19. gxf6 gxf6 20. d4 Be7 21. Rh1 Rdh8 22. Rxh5 Rxh5 23. Nh4 b5 24. Rh1 b4 25. Bd2 c5 26. f3 Nh6 27. g4 Nxg4 28. fxg4 Rh7 29.
Nf5 Rf7 30. d5 Bf8 31. Kf3 Kb7 32. c4 c6 33. b3 cxd5 34. exd5 a5 35. Re1 Kc7 36.
Re6 Kd7 37. Ra6 Kc8 38. Rxa5 Rh7 39. Bf4 Rh1 40. Ra8+ Kb7 41. Rxf8 Rf1+ 42. Kg3 Ra1 43. Rxf6 Rxa2 44. g5 Rb2 45. g6 Rxb3+ 46. Kg4 Rb1 47. g7 Rg1+ 48. Bg3 b3 49. g8=Q b2 50. Qg7+ Ka8 51.
Rf8# 1-0

[Event "*** Titled Tuesday 3|2 Blitz (Late)"]
[Site "Chess.com"]
[Date "2017.01.03"]
[Round "7"]
[White "Dr-Bassem"]
[Black "pKiLz5Rn9b"]
[Result "0-1"]
[WhiteElo "2636"]
[BlackElo "2488"]
[TimeControl "180+2"]
[EndTime "18:24:14 PST"]
[Termination "pKiLz5Rn9b won on time"]

1. e4 e6 2. d3 d5 3. Nd2 Nf6 4. Ngf3 Be7 5. g3 b5 6. Bg2 c5 7. O-O Nc6 8. Re1 O-O 9. e5 Nd7 10.
Nf1 b4 11. h4 Re8 12. N1h2 a5 13. Bf4 h6 14. Qd2 Bf8 15. Ng4 Kh7 16. c3 Ba6 17.
Qc2 Kh8 18. c4 Rc8 19. Rad1 Nd4 20. Nxd4 cxd4 21. b3 Bb7 22. Qb2 Qb6 23. Qd2 Kh7 24. Rc1 a4 25. Qe2 axb3 26. axb3 dxc4 27. dxc4 Bxg2 28.
Kxg2 Qb7+ 29. Kg1 Nc5 30. Rcd1 Rcd8 31. Bxh6 gxh6 32. Nf6+ Kh8 33. Qg4 Bg7 34. Nxe8 Rxe8 35. Rxd4 Nxb3 36. Rf4 Nc5 37. Qh5 Kg8 38. Rg4 Kf8 39.
Rd1 b3 40. Rf4 b2 41. Qg6 Kg8 42. Qc2 Qb3 0-1

[Event "*** Titled Tuesday 3|2 Blitz (Late)"]
[Site "Chess.com"]
[Date "2017.01.03"]
[Round "7"]
[White "Genghis_K"]
[Black "Alexander_Moskalenko"]
[Result "1/2-1/2"]
[WhiteElo "2732"]
[BlackElo "2695"]
[TimeControl "180+2"]
[EndTime "18:24:16 PST"]
[Termination "Game drawn by agreement"]

1. e4 c6 2. d4 d5 3. exd5 cxd5 4.
Bf4 Nc6 5. c3 Nf6 6. Nd2 Bf5 7.
Ngf3 a6 8. Nh4 Bg4 9. Qb3 Na5 10. Qc2 Bd7 11. Bd3 Rc8 12. O-O e6 13. Nhf3 Bb5 14. Bxb5+ axb5 15. Qd3 Nc4 16. b3 Na3 17. Rfe1 Be7 18.
Nb1 Nxb1 19. Raxb1 Qb6 20. a4 Ne4 21. c4 bxc4 22. bxc4 Qa6 23. Qb3 Rxc4 24. Qxb7 Qxb7 25. Rxb7 Rxa4 26. Rb8+ Bd8 27. Bc7 Kd7 28. Rc1 Rc4 29.
Rxc4 dxc4 30. Bxd8 Rxd8 31. Ne5+ Kc7 32. Rxd8 Kxd8 33.
Nxc4 Nc3 34. Kf1 Nb5 35. Ne5 Ke7 36. Nf3 Kd6 37. Ke2 f6 38. Kd3 Kd5 39. Ke3 h5 40. h4 Nd6 41. g3 Nf5+ 42. Kd3 g6 43. Nd2 Nd6 44. Ke3 Nf5+ 45. Kd3 Nd6 46. Ke3 Nf5+ 1/2-1/2

[Event "*** Titled Tuesday 3|2 Blitz (Late)"]
[Site "Chess.com"]
[Date "2017.01.03"]
[Round "7"]
[White "chesstatour"]
[Black "Ksenia_Legenko"]
[Result "1-0"]
[WhiteElo "1798"]
[BlackElo "2038"]
[TimeControl "180+2"]
[EndTime "18:24:27 PST"]
[Termination "chesstatour won by resignation"]

1. c4 e6 2. Nc3 d5 3. d4 dxc4 4.
e4 Bb4 5. Bxc4 e5 6. Qa4+ Nc6 7.
d5 Bxc3+ 8. bxc3 Qh4 9. dxc6 Qxe4+ 10. Ne2 Nf6 11. cxb7+ Bd7 12. bxa8=Q+ Qxa8 13. Bb5 c6 14. Bc4 O-O 15. O-O c5 16. Bb5 Be6 17. Bc6 Qb8 18.
Ba3 Rc8 19. Rab1 Qc7 20. Bb7 Rd8 21. Qc6 Qa5 22. Bxc5 Qxa2 23. Ng3 Qc2 24. Bd6 Bd7 25. Qc7 Re8 26. Bxe5 Be6 27. Bxf6 gxf6 28. Be4 Qa4 29.
Qf4 Qd7 30. Qxf6 Bc4 31. Nh5 Qg4 32. Qf5 Qxf5 33. Bxf5 Bxf1 34. Nf6+ Kf8 35. Nxe8 Bc4 36. Nc7 Ke7 37. Be4 Kd6 38. Nb5+ Kc5 39. Nxa7 f6 40. Bxh7 Be2 41. Be4 Kc4 42. f3 Kxc3 43. Kf2 Kd2 44.
Rb2+ Kd1 45. Rxe2 Kc1 46. Ke3 Kd1 47. Kd3 Kc1 48. h4 Kd1 49. h5 Kc1 50. h6 1-0

[Event "*** Titled Tuesday 3|2 Blitz (Late)"]
[Site "Chess.com"]
[Date "2017.01.03"]
[Round "7"]
[White "fpawn"]
[Black "Assasin14"]
[Result "0-1"]
[WhiteElo "2204"]
[BlackElo "2237"]
[TimeControl "180+2"]
[EndTime "18:24:33 PST"]
[Termination "Assasin14 won by checkmate"]

1. e4 c5 2. Nc3 d6 3. g3 Nc6 4.
Bg2 g6 5. d3 Bg7 6. f4 e6 7.
Nf3 Nge7 8. O-O O-O 9. Be3 Rb8 10. Qd2 b5 11. Nd1 a5 12. Qf2 f5 13. e5 dxe5 14. fxe5 Nxe5 15. Nxe5 Bxe5 16. Bxc5 Bg7 17. d4 Bb7 18. c3 Bxg2 19. Qxg2 e5 20. Re1 e4 21.
Ne3 Re8 22. Rad1 Nd5 23. Qe2 Bh6 24. Nxd5 Qxd5 25. b3 e3 26. Qg2 Qf7 27. Re2 Rbc8 28. Rde1 Re4 29. Qf3 Qe6 30. d5 Qxd5 31. Bxe3 Rxc3 32.
Kf2 Kf7 33. h3 Bxe3+ 34. Rxe3 Qd2+ 35. R1e2 Rexe3 36. Qb7+ Kf6 37. Rxd2 Rxg3 38. Qb6+ Kg5 39. Qd8+ Kh5 40. Qe7 Rcf3+ 41. Ke2 h6 42. Rd4 Rxh3 43.
Qf6 Rfg3 44. a4 Rxb3 45. Kd2 b4 46. Rd6 Rbg3 47. Kc2 Rh2+ 48. Rd2 b3+ 49. Kb2 Rxd2+ 50. Kc1 Rc2+ 51. Kb1 Rg1# 0-1

[Event "*** Titled Tuesday 3|2 Blitz (Late)"]
[Site "Chess.com"]
[Date "2017.01.03"]
[Round "7"]
[White "MattyDPerrine"]
[Black "norwaytoadog"]
[Result "1-0"]
[WhiteElo "2237"]
[BlackElo "1966"]
[TimeControl "180+2"]
[EndTime "18:24:41 PST"]
[Termination "MattyDPerrine won by checkmate"]

1. d4 Nf6 2. Nf3 e6 3. g3 c5 4. Bg2 Nc6 5. O-O b6 6. Bg5 Bb7 7. e4 Be7 8. d5 Nb8 9. d6 Bf8 10. e5 h6 11. Bh4 g5 12. Nxg5 Bxg2 13. Kxg2 hxg5 14. Bxg5 Bg7 15. exf6 Bh6 16. f4 Nc6 17. Nc3 a6 18. a4 Nd4 19. Ne4 Nf5 20. Qd3 Qc8 21. Kg1 Qc6 22. b3 Kd8 23. Rfe1 Kc8 24. a5 b5 25. Qc3 Nd4 26. h4 Bxg5 27. fxg5 e5 28. Kf2 c4 29. bxc4 bxc4 30. Rab1 Rb8 31. Nd2 Rb5 32. Qxc4 Rc5 33. Qd3 Rxc2 34. Rxe5 Rxd2+ 35. Qxd2 Qf3+ 36. Kg1 Qxg3+ 37. Qg2 Nf3+ 38. Kf1 Nh2+ 39. Kg1 Nf3+ 40. Kf1 Nh2+ 41. Qxh2 Qxh2 42. Rc5+ Kd8 43. Rb8# 1-0

[Event "*** Titled Tuesday 3|2 Blitz (Late)"]
[Site "Chess.com"]
[Date "2017.01.03"]
[Round "7"]
[White "AndrBaryshpolets"]
[Black "yian123"]
[Result "0-1"]
[WhiteElo "2448"]
[BlackElo "2399"]
[TimeControl "180+2"]
[EndTime "18:24:54 PST"]
[Termination "yian123 won by resignation"]

1. d4 d5 2. c4 c6 3. Nf3 Nf6 4. Qc2 g6 5. Bf4 Bg7 6. e3 a6 7. Nc3 O-O 8. h3 b5 9. cxd5 cxd5 10.
Be2 Bb7 11. a4 b4 12. Nb1 Nc6 13. Nbd2 Rc8 14. Qd3 Na5 15. Nb3 Nc4 16. Nc5 Ba8 17.
b3 Ne4 18. Ra2 Nxc5 19. dxc5 Na5 20. Be5 Bxe5 21. Nxe5 Rxc5 22. O-O Qd6 23. Nf3 Bb7 24. Rb2 Rc3 25. Qd1 e5 26. Nd2 Qe7 27. e4 dxe4 28.
Nc4 Nc6 29. Qd6 Re8 30. Rd1 Nd4 31. Qb6 Ba8 32. Qxa6 Qg5 33. Ne3 Nf5 34. Bc4 Nxe3 35. fxe3 Qxe3+ 36. Kh1 Rc1 37. Rb1 Rxb1 38. Rxb1 Qd4 39.
Rf1 Bd5 40. Qb5 Rd8 41. Qxb4 Bxc4 42. Qxc4 Qxc4 43. bxc4 f5 44. Ra1 e3 45. a5 e2 46.
Kh2 Rd1 0-1

[Event "*** Titled Tuesday 3|2 Blitz (Late)"]
[Site "Chess.com"]
[Date "2017.01.03"]
[Round "7"]
[White "nonscitis"]
[Black "QuintilianoR"]
[Result "1/2-1/2"]
[WhiteElo "2339"]
[BlackElo "2510"]
[TimeControl "180+2"]
[EndTime "18:25:08 PST"]
[Termination "Game drawn - insufficient material"]

1. e4 c5 2. Nf3 d6 3. d4 cxd4 4.
Nxd4 Nf6 5. Nc3 g6 6. Be3 Bg7 7. f3 O-O 8. Bc4 Nc6 9. Bb3 Bd7 10.
Qd2 Rc8 11. h4 h5 12. O-O-O Ne5 13. Kb1 Nc4 14. Bxc4 Rxc4 15. Nde2 b5 16. Bh6 b4 17. Bxg7 Kxg7 18. Nd5 Nxd5 19. exd5 Qb6 20. Nd4 e5 21.
dxe6 fxe6 22. b3 Rc5 23. Rhe1 e5 24. g4 exd4 25. Qxd4+ Kg8 26. Qxd6 Rf7 27. Qd2 hxg4 28. fxg4 Rc8 29. h5 Bxg4 30. hxg6 Qxg6 31. Rg1 Rg7 32. Rc1 Qe4 33. Rg3 a5 34. Rcg1 Rf8 35. Qg2 Qxg2 36. R1xg2 Rf4 37. Kb2 Kf7 38. a3 Kf6 39. axb4 axb4 40.
c3 Kg5 41. cxb4 Rxb4 42. Rc3 Rgb7 43. Rc5+ Kh4 44. Rc3 Be6 45. Re2 Bxb3 46. Kc1 Bc4 47. Re4+ Kg5 48. Rexc4 Rxc4 49. Rxc4 Kf5 50. Rc2 Ke5 51.
Rd2 Rc7+ 52. Kd1 Rc5 53. Ke2 Rd5 54. Rxd5+ Kxd5 1/2-1/2

[Event "*** Titled Tuesday 3|2 Blitz (Late)"]
[Site "Chess.com"]
[Date "2017.01.03"]
[Round "7"]
[White "LazarusIcarus"]
[Black "ChristopherYoo"]
[Result "0-1"]
[WhiteElo "2118"]
[BlackElo "2071"]
[TimeControl "180+2"]
[EndTime "18:25:09 PST"]
[Termination "ChristopherYoo won by resignation"]

1. e4 e5 2. Nf3 Nc6 3. Bc4 Bc5 4. d3 Nf6 5. O-O O-O 6. c3 d6 7. a4 a6 8. Na3 Bg4 9. h3 Bh5 10.
Nc2 Ba7 11. Bg5 h6 12. Bh4 g5 13. Bg3 Qd7 14. d4 Nxe4 15. Bh2 d5 16. Ba2 exd4 17. Ncxd4 Nxd4 18. cxd4 g4 19. Ne5 Qe6 20. hxg4 Bg6 21.
f4 Qb6 22. Nxg6 Qxg6 23. f5 Qb6 24. Be5 Qxb2 25. Bxd5 Nc3 26. Qf3 Nxd5 27. Qxd5 Rad8 28.
Qe4 Bxd4+ 29. Bxd4 Qxd4+ 30. Qxd4 Rxd4 31. Rac1 c6 32. Rb1 b5 33. axb5 cxb5 34. Ra1 Ra8 35. Rfc1 Rxg4 36. Rc6 a5 37. Rxh6 Rg5 38. f6 b4 39. Kf2 b3 40. Rah1 Kf8 41. Rh8+ Rg8 42. Rxg8+ Kxg8 43. Rh3 a4 44. Rg3+ Kf8 45. Rh3 Kg8 46.
Rg3+ Kh7 47. Rg7+ Kh6 48. g4 b2 49. Kg3 b1=Q 50. g5+ Kh5 51. Rxf7 Kxg5 52. Rg7+ Kxf6 0-1

[Event "*** Titled Tuesday 3|2 Blitz (Late)"]
[Site "Chess.com"]
[Date "2017.01.03"]
[Round "7"]
[White "VerdeNotte"]
[Black "Gordima"]
[Result "0-1"]
[WhiteElo "2479"]
[BlackElo "2491"]
[TimeControl "180+2"]
[EndTime "18:25:51 PST"]
[Termination "Gordima won by resignation"]

1. g3 Nf6 2. Bg2 g6 3. e4 d6 4. d4 Bg7 5. Ne2 O-O 6. O-O c5 7. Nbc3 cxd4 8. Nxd4 Nc6 9. Nxc6 bxc6 10. e5 dxe5 11.
Bxc6 Rb8 12. Qxd8 Rxd8 13. b3 Bh3 14. Bg2 Bf5 15. Be3 Rbc8 16. Na4 Bxc2 17. Bxa7 e4 18. Bb6 Rd6 19. Rac1 Rdc6 20. Bd4 Bh6 21. Be3 Bxe3 22. fxe3 Nd5 23. Rxc2 Rxc2 24. Bxe4 Nxe3 25. Bxc2 Nxf1 26. Bd3 Ne3 27. Kf2 Nd5 28. Bc4 Nb4 29. Nc3 Ra8 30. a4 Kf8 31. Nd5 Nxd5 32. Bxd5 Ra5 33. Bc6 Rc5 34. Be4 f5 35. Bd3 Rc3 36. Bc4 Rc2+ 37.
Ke3 e5 38. a5 Ra2 39. a6 Ke7 40. b4 Ra3+ 41. Kd2 Kd6 42. Kc2 Kc7 43. Kb2 Re3 44.
Bg8 Re2+ 45. Kc3 Rxh2 46. Kc4 Kb6 47. b5 e4 48. Kd4 Rg2 49. Bxh7 Rxg3 50. Bg8 Rd3+ 51.
Kc4 Rd6 52. Bd5 e3 53. Bf3 g5 54.
a7 Kxa7 55. Kc5 Rd8 56. Kc6 Kb8 0-1

[Event "*** Titled Tuesday 3|2 Blitz (Late)"]
[Site "Chess.com"]
[Date "2017.01.03"]
[Round "7"]
[White "PelinGorki"]
[Black "Hamisandwich"]
[Result "0-1"]
[WhiteElo "2405"]
[BlackElo "2401"]
[TimeControl "180+2"]
[EndTime "18:25:52 PST"]
[Termination "Hamisandwich won by resignation"]

1. e4 d6 2. d4 Nf6 3. Nc3 e5 4. Nf3 Nbd7 5. Rg1 g6 6. g4 Bg7 7. g5 Nh5 8. Be3 c6 9. Qd2 b5 10. a3 a6 11. Be2 Qe7 12. dxe5 dxe5 13. Nh4 Nf4 14. Bxf4 exf4 15. Qxf4 b4 16. Nd1 bxa3 17.
Rxa3 Bxb2 18. Rb3 Be5 19. Qe3 a5 20. f4 a4 21. Rb1 Bd6 22. Qc3 O-O 23. Qxc6 Ra5 24.
e5 Bc5 25. Rg3 a3 26. Ra1 Bb4+ 27. c3 Bc5 28. Ne3 Nxe5 29. fxe5 Qxe5 30. Nc4 Qf4 31. Nxa5 Bf2+ 32. Kd1 Bxg3 33. hxg3 Rd8+ 34. Ke1 Qxg3+ 35.
Kf1 Qxh4 36. Qf3 Bh3+ 37. Kg1 Qxg5+ 38. Kh2 Be6 39. Nc6 Rd2 40. Nd4 Qe5+ 41. Qg3 Rxe2+ 42.
Nxe2 Qxe2+ 43. Qg2 Qe5+ 44. Qg3 Qh5+ 45. Kg1 Qc5+ 46.
Kf1 a2 47. Qb8+ Kg7 48. Qb2 Qc4+ 49. Ke1 h5 50. Qb4 h4 51. Qxc4 Bxc4 52. Kf2 g5 53.
Ke3 h3 54. Kf3 f5 55. Kg3 g4 56. Kf4 Kf6 57. Rd1 Bd5 58. Ra1 h2 0-1

[Event "*** Titled Tuesday 3|2 Blitz (Late)"]
[Site "Chess.com"]
[Date "2017.01.03"]
[Round "7"]
[White "Buffy7"]
[Black "Abrito99"]
[Result "1-0"]
[WhiteElo "2509"]
[BlackElo "2349"]
[TimeControl "180+2"]
[EndTime "18:26:20 PST"]
[Termination "Buffy7 won on time"]

1. Nf3 Nf6 2. g3 g6 3. Bg2 Bg7 4. O-O O-O 5. d4 d6 6. a4 Nbd7 7. a5 a6 8. c4 c5 9. Nc3 Rb8 10.
dxc5 Nxc5 11. Be3 Be6 12. b4 Nce4 13. Nxe4 Nxe4 14. Bd4 Nf6 15. Rc1 Qd7 16. Ng5 Bg4 17.
h3 Be6 18. Nxe6 fxe6 19. Qd3 Rbc8 20. Bb6 Bh6 21. e3 Bg7 22. Rfd1 Ne8 23. Qe4 Rb8 24. Ba7 Ra8 25. Bb6 Rb8 26. h4 Nf6 27. Qd3 Ng4 28. Rc2 Rf7 29. Bh3 Ne5 30. Qe4 Rf3 31. Bg2 Rf7 32.
f4 Ng4 33. Bh3 h5 34. Qxg6 Qa4 35. Rcd2 Qxb4 36. Qxh5 Nf6 37. Qg6 Qxc4 38. Qd3 Qxd3 39. Rxd3 Rff8 40. Bxe6+ Kh8 41. g4 Ne4 42. g5 Nc3 43.
R1d2 Ne4 44. Rc2 Ng3 45. Kg2 Ne4 46. h5 Ba1 47. Rc7 Rfe8 48. Bf7 Rec8 49. Rxe7 Rc2+ 50. Kf3 Nd2+ 51. Kg4 Nf1 52. Bg6 Rf8 53. Rh7+ Kg8 54.
Rxb7 Rg2+ 55. Kf3 Rc2 56. Rxd6 Nh2+ 57. Kg3 Nf1+ 58. Kh3 Rh2+ 59. Kg4 Rg2+ 60. Kf3 Rb2 61. Bh7+ Kh8 62. Bd4+ 1-0

[Event "*** Titled Tuesday 3|2 Blitz (Late)"]
[Site "Chess.com"]
[Date "2017.01.03"]
[Round "7"]
[White "fastestmindalive"]
[Black "jk13"]
[Result "0-1"]
[WhiteElo "2433"]
[BlackElo "2542"]
[TimeControl "180+2"]
[EndTime "18:26:40 PST"]
[Termination "jk13 won by resignation"]

1. d4 Nf6 2. c4 e6 3. Nc3 Bb4 4. e3 O-O 5. Ne2 d5 6. a3 Be7 7. Nf4 c6 8. Bd3 Nbd7 9. O-O b6 10. b4 Bb7 11. c5 e5 12. Nh5 e4 13. Bc2 bxc5 14.
dxc5 Ba6 15. Re1 Ne5 16. Rb1 Nd3 17. Bxd3 Bxd3 18. Rb2 Nxh5 19. Qxh5 f5 20. Ne2 Bf6 21. Nd4 Bxd4 22. exd4 f4 23. g3 e3 24. fxe3 f3 25.
Rf2 Be4 26. Ref1 Qc8 27. Qe5 Rf5 28. Qd6 Rh5 29. Rxf3 Bxf3 30. Rxf3 Rh6 31. Qe5 Re6 32.
Qf5 Qd7 33. b5 cxb5 34. c6 g6 35. cxd7 gxf5 36. Rxf5 Rd6 37. Bd2 Rxd7 38. Rg5+ Kf7 39. Rf5+ Kg6 40. Re5 Rf8 41. Bb4 Rf5 42. Re6+ Rf6 43.
Re8 Rdf7 44. Kg2 Rf2+ 45. Kh3 Re2 46. Bd6 Rff2 47. g4 Rf3+ 48. Kh4 Rexe3 49. Rg8+ Kf7 50. Ra8 Ke6 51. Bg3 Rf7 52. Rd8 Rd7 53. Re8+ Re7 54. Rd8 Rxa3 55. Rd6+ Kf7 56. Rxd5 Rb3 57. Rf5+ Ke8 58.
d5 Ree3 59. d6 Rxg3 60. hxg3 a5 61. Kg5 a4 62. Kf6 Kd7 63. Rh5 a3 64. Rxh7+ Kxd6 65. Ra7 Rxg3 66. g5 b4 67. g6 Rf3+ 68. Kg5 Rg3+ 69.
Kh6 Kc6 70. g7 Kb6 71. Ra8 Kb5 72. Rb8+ Ka4 73. Re8 a2 74. Re6 b3 75. Rg6 Rxg6+ 76. Kxg6 a1=Q 77. g8=Q Qg1+ 0-1

[Event "*** Titled Tuesday 3|2 Blitz (Late)"]
[Site "Chess.com"]
[Date "2017.01.03"]
[Round "7"]
[White "penguingm1"]
[Black "yurisolo"]
[Result "0-1"]
[WhiteElo "2649"]
[BlackElo "2478"]
[TimeControl "180+2"]
[EndTime "18:26:43 PST"]
[Termination "yurisolo won by checkmate"]

1. d4 d5 2. c4 e6 3. Nc3 Nf6 4.
cxd5 exd5 5. Bg5 c6 6. e3 Be7 7. Bd3 h6 8. Bh4 O-O 9. Qc2 Re8 10. Nge2 Nh5 11. Bxe7 Qxe7 12. O-O Nd7 13. Rae1 Nf8 14. Ng3 Nxg3 15. hxg3 Be6 16. f3 Rad8 17. Qf2 Qf6 18. Bb1 Nd7 19. Ne2 Bf5 20. Bxf5 Qxf5 21. Nf4 Nf6 22. g4 Qd7 23. Nd3 Qd6 24. Qh4 Nd7 25.
Qh2 Qe7 26. Qg3 c5 27. Qf2 c4 28. Nf4 Nf6 29. Qg3 b5 30. a3 a5 31. Re2 b4 32.
axb4 axb4 33. Rfe1 Qd6 34. Qf2 Rc8 35. Rc1 Rc6 36. Rec2 Rec8 37. Qd2 Qb8 38. Kf2 Qd6 39.
Ne2 h5 40. gxh5 Nxh5 41. Rh1 g6 42. g4 Nf6 43. Ng3 Kg7 44. g5 Nd7 45. e4 c3 46.
bxc3 Rxc3 47. Rxc3 bxc3 48. Qe3 c2 49. e5 Qb4 50.
Ne2 Rh8 51. Rxh8 Kxh8 52. Qf4 Kg7 53. Qg4 Nf8 54. Qf4 Ne6 55. Qe3 Qc4 56. Qc1 Nxd4 57. Nf4 Nb3 58. Qh1 c1=Q 59. Qh6+ Kg8 60. Nxg6 Qd4+ 61.
Kg3 Qcg1+ 62. Kh3 Qh1+ 63. Kg3 Qxh6 64. Ne7+ Kf8 65. gxh6 Kxe7 66. f4 Qg1+ 67. Kh4 Qg6 68. f5 Qxf5 69. Kg3 Ke6 70. Kh4 Kxe5 71. Kg3 Ke4 72.
Kh4 Kf3 73. h7 Qg4# 0-1

[Event "*** Titled Tuesday 3|2 Blitz (Late)"]
[Site "Chess.com"]
[Date "2017.01.03"]
[Round "7"]
[White "Fh2411"]
[Black "amurdercastle"]
[Result "1-0"]
[WhiteElo "2388"]
[BlackElo "2341"]
[TimeControl "180+2"]
[EndTime "18:26:48 PST"]
[Termination "Fh2411 won by resignation"]

1. d4 d5 2. Nf3 Nf6 3. Bf4 c5 4. e3 Nc6 5. Nbd2 Qb6 6. dxc5 Qxc5 7. a3 Bf5 8. c4 dxc4 9. Bxc4 e6 10. O-O Be7 11.
Qb3 Qb6 12. Qxb6 axb6 13. Rac1 O-O 14. h3 Rfd8 15. Bc7 Rd7 16. Bxb6 e5 17. Nb3 Be4 18.
Rfd1 Rxd1+ 19. Rxd1 Bd8 20. Bxd8 Nxd8 21. Nxe5 Rc8 22. Rd4 Bg6 23. Nd2 Kf8 24. a4 Nc6 25. Nxc6 Rxc6 26. a5 Ke7 27. b4 Bf5 28. b5 Rc8 29. a6 bxa6 30. bxa6 Ra8 31. g4 Bc8 32. g5 Nd7 33. Re4+ Kf8 34. Bb5 h6 35. h4 hxg5 36. hxg5 g6 37. Nc4 Kg7 38. Nd6 Bxa6 39. Bxd7 Rd8 40. Ne8+ Kf8 41. Ba4 Bd3 42. Rd4 Ra8 43. Nf6 Bf5 44. Kg2 Be6 45. Bc6 Ra5 46. f4 Ra2+ 47.
Kg3 Ra3 48. Kf3 Ra1 49. Rd8+ Ke7 50. Re8+ Kd6 51. Be4 Rf1+ 52. Ke2 Ra1 53. Rd8+ Ke7 54. Re8+ Kd6 55. Rb8 Ra2+ 56. Kf3 Bh3 57. Kg3 Be6 58. Rb6+ Ke7 59. Bd5 Ra3 60. Kf3 Bc8 61. Rc6 Kd8 62.
Rc5 Ra7 63. Rc3 Bf5 64. e4 Bc8 65. Rd3 Ke7 66. Rc3 Kd8 67. Kg3 Re7 68. Ng4 Ra7 69. Ne5 Be6 70. Bxe6 fxe6 71. Nc6+ 1-0

[Event "*** Titled Tuesday 3|2 Blitz (Late)"]
[Site "Chess.com"]
[Date "2017.01.03"]
[Round "7"]
[White "aspired"]
[Black "macko06"]
[Result "0-1"]
[WhiteElo "2468"]
[BlackElo "2312"]
[TimeControl "180+2"]
[EndTime "18:27:03 PST"]
[Termination "macko06 won on time"]

1. e4 e6 2. d4 d5 3. Bd3 dxe4 4.
Bxe4 Nf6 5. Bf3 c5 6. Ne2 Nc6 7. Be3 e5 8. Bxc6+ bxc6 9. dxe5 Qxd1+ 10. Kxd1 Ng4 11. Nd2 Nxe5 12. h3 Be7 13. Nc3 O-O 14.
a4 Be6 15. a5 Rfe8 16. Kc1 Bd5 17. Rg1 Rab8 18. Ra4 f5 19. a6 Nd7 20. g4 Be6 21. gxf5 Bxf5 22. Nde4 Nb6 23. Ra2 Nd5 24. Nxd5 cxd5 25. Nxc5 Rec8 26. Ra5 Bf6 27. c3 Bxc3 28. bxc3 Rb1+ 29. Kd2 Rxg1 30. Nb7 Rg6 31. Bxa7 Ra8 32. Bd4 Rgxa6 33. Rxd5 Bxh3 34. Rg5 g6 35. Nc5 Ra2+ 36. Ke3 Re8+ 37. Kf4 Rf8+ 38. Kg3 Bf5 39. Kh2 Re8 40. Rg1 Ree2 41. Kg3 h5 42. Rd1 g5 43. Be3 h4+ 44.
Kf3 g4+ 45. Kf4 Rxf2+ 46. Bxf2 Rxf2+ 47. Kg5 h3 48. Kh4 h2 49. Kg3 Rf3+ 50. Kxh2 Rxc3 51. Nd7 Kf7 52. Ne5+ Kf6 53. Re1 Kg5 54. Kg2 Kf4 55.
Nxg4 Bxg4 56. Re8 Rc2+ 57. Kf1 Bf3 58. Ke1 Be4 59. Kd1 Rh2 60. Kc1 Ke3 61. Rd8 Rc2+ 62. Kd1 Rb2 63. Rc8 Rb1+ 64. Rc1 Rb2 65. Rc8 Rh2 66. Kc1 Rh1+ 67. Kb2 Rb1+ 68. Ka3 Kd4 69.
Rd8+ Bd5 70. Rd7 Kc5 71. Rd8 Bc4 72. Rc8+ Kd4 73. Rd8+ Kc3 0-1